 Dungeon Crawl Stone Soup version 0.29-a0-810-g3812dd5c9c (webtiles) character file.

Game seed: 13318132115775985585

1355 Ajdolov the Thaumaturge (level 8, -1/41 (55) HPs)
             Began as a Merfolk Ice Elementalist on July 4, 2022.
             Was an Initiate of the Shining One.
             Slain by a wight
             ... wielding a +2 battleaxe of draining
              (3 damage)
             ... on level 6 of the Dungeon.
             The game lasted 00:11:03 (6677 turns).

Ajdolov the Thaumaturge (Merfolk Ice Elementalist)  Turns: 6677, Time: 00:11:04

HP:   -1/41 (55)    AC: 10    Str:  9    XL:     8   Next: 63%
MP:   18/20         EV: 12    Int: 16    God:    the Shining One [......]
Gold: 372           SH:  0    Dex: 14    Spells: 16/23 levels left

rFire   . . .      SeeInvis .   b - +1 rapier (holy)
rCold   . . .      Faith    .   (no shield)
rNeg    . . .      Spirit   .   n - +0 robe
rPois   .          Reflect  .   (no helmet)
rElec   .          Harm     .   (no cloak)
rCorr   .          Rampage  .   (no gloves)
Will    .....                   m - +0 pair of boots
Stlth   +.........              (no amulet)
HPRegen 0.13/turn               (no ring)
MPRegen 0.17/turn               (no ring)

@: ice-armoured, glowing, very heavily drained
A: (nimble swimmer 2), mertail
a: Renounce Religion


You were on level 6 of the Dungeon.
You worshipped the Shining One.
The Shining One was noncommittal.
You visited 2 branches of the dungeon, and saw 7 of its levels.

You collected 372 gold pieces.

Inventory:

Hand Weapons
 a - a +0 arbalest
 b - a +1 rapier of holy wrath (weapon)
Missiles
 c - 3 javelins
Armour
 m - a +0 pair of boots (worn)
 n - a +0 robe (worn)
Wands
 k - a wand of light (9)
 t - a wand of roots (5)
 w - a wand of charming (14)
Scrolls
 e - 5 scrolls of teleportation
 h - 4 scrolls of enchant weapon
 i - 2 scrolls of immolation
 j - a scroll of noise
 x - a scroll of identify
 y - 2 scrolls of amnesia
Potions
 d - a potion of berserk rage {unknown}
 f - a potion of haste {unknown}
 g - a potion of might {unknown}
 l - a potion of degeneration {unknown}
 o - a potion of invisibility {unknown}
 p - 2 potions of lignification
 q - a potion of resistance {unknown}
 r - 3 potions of magic
 s - 3 potions of attraction
 u - 4 potions of mutation {unknown}
 v - 2 potions of curing {unknown}


   Skills:
 + Level 1.7 Fighting
 * Level 2.9 Long Blades
 - Level 2.6 Dodging
 - Level 2.1 Stealth
 - Level 8.0 Spellcasting
 - Level 7.0 Ice Magic


You had 16 spell levels left.
You knew the following spells:

 Your Spells              Type           Power      Damage    Failure   Level
a - Freeze                Ice            100%       1d11      1%          1
b - Frozen Ramparts       Ice            56%        1d7       1%          3
c - Ozocubu's Armour      Ice            28%        N/A       1%          3

Your spell library contained the following spells:

 Spells                   Type           Power      Damage    Failure   Level
 Ensorcelled Hibernation  Hex/Ice        34%        N/A       4%          2
 Magic Dart               Conj           24%        1d4       11%         1
 Searing Ray              Conj           12%        2d4       17%         2
 Hailstorm                Conj/Ice       17%        3d6       26%         4
 Ice Form                 Ice/Tmut       17%        N/A       26%         4
 Spider Form              Tmut/Pois      6%         N/A       32%         3
 Anguish                  Hex/Necr       3%         N/A       73%         4
 Fulminant Prism          Conj/Hex       3%         3d6       73%         4
 Simulacrum               Ice/Necr       8%         N/A       99%         6


Dungeon Overview and Level Annotations

Branches:
Dungeon (6/15)             Temple (1/1) D:6

Altars:
Dithmenos
Gozag
Kikubaaqudgha
Nemelex Xobeh
Okawaru
Qazlal
Ru
Uskayaw
Wu Jian
Yredelemnul
The Shining One

Shops:
D:1 [   D:4 :   D:6 [

Annotations:
D:6 exclusions: electric eel and 3 more exclusions


Innate Abilities, Weirdness & Mutations

((You are very nimble when in or above water. (Stealth+, EV+, Speed+++)))
Your lower body shifts to a powerful aquatic tail in water.


Message History

HP restored.
Things that are here:
a +3 trident of freezing; a +0 robe
There is a staircase to the Ecumenical Temple here. 2 wights come into view.
A wight is wielding a +2 battleaxe of draining.
Casting: Ozocubu's Armour (safe; 1% risk of failure)
Confirm with . or Enter, or press ? or * to list all spells.
A film of ice covers your body! The wight misses you.
You closely miss the wight. The wight closely misses you.
You barely miss the wight.
The wight hits you with a +2 battleaxe of draining!
You feel drained. x2
You closely miss the wight.
The wight hits you with a +2 battleaxe of draining.
You feel drained.
You barely miss the wight. The wight closely misses you.
You closely miss the wight.
The wight hits you with a +2 battleaxe of draining!
You feel drained. The wight closely misses you.
You hit the wight but do no damage.
The wight hits you with a +2 battleaxe of draining.
You feel drained. x2
You hit the wight.
The wight convulses.
The wight is heavily damaged.
The wight hits you with a +2 battleaxe of draining!
You feel drained. x2
* * * LOW HITPOINT WARNING * * *
Aiming: Fastroot
Press: ? - help, Shift-Dir - straight line, f - wight
Aim: a wight, wielding a +2 battleaxe of draining and wearing a +0 robe (heavily damaged)
The roots erupt in riotous growth!
Roots grab the wight. x2
The grasping roots constrict the wight. x2
The wight hits you with a +2 battleaxe of draining!
* * * LOW HITPOINT WARNING * * *
You feel drained.
* * * LOW HITPOINT WARNING * * *
You feel drained.
You die...

#####
#...##
#..#.z#
#.. ##z#
#. #@## #
#..# ##.#
##.# ..
#..#
#.###.##
..##.##
#.##..#
####..##.#


You could see 2 wights.

Vanquished Creatures
  Grinder (D:6)
  A water moccasin (D:5)
  Duvessa (D:4)
  A phantom (D:5)
  A bullfrog (D:6)
  3 scorpions
  A wight (D:6)
  Dowan (D:4)
  A vampire bat (D:5)
  A jelly (D:5)
  2 hounds
  A gnoll bouda (D:4)
  2 iguanas
  Natasha (thrice) (D:4)
  2 orc wizards
  Ijyb (D:5)
  4 adders
  3 gnolls (D:4)
  A dart slug (D:4)
  15 orcs
  7 endoplasms
  2 giant cockroaches
  7 goblins
  8 hobgoblins
  A jackal (D:2)
  A quokka (D:3)
  4 ball pythons
  14 bats
  6 frilled lizards
  3 kobolds
  6 rats
  3 rat zombies (D:5)
108 creatures vanquished.

Vanquished Creatures (others)
  8 plants (D:6)
8 creatures vanquished.

Grand Total: 116 creatures vanquished

Notes
Turn   | Place    | Note
-------+----------+-------------------------------------------
     0 | D:1      | Ajdolov the Merfolk Ice Elementalist began the quest for
                  | the Orb.
     0 | D:1      | Reached XP level 1. HP: 13/13 MP: 3/3
   103 | D:1      | Found a faded altar of an unknown god.
   307 | D:1      | Reached XP level 2. HP: 17/19 MP: 1/5
   467 | D:1      | Reached skill level 5 in Ice Magic
   908 | D:1      | Found Lius's Armour Boutique.
  1168 | D:2      | Reached XP level 3. HP: 24/24 MP: 6/6
  1438 | D:2      | Learned a level 3 spell: Frozen Ramparts
  1976 | D:3      | Reached XP level 4. HP: 26/30 MP: 5/7
  2204 | D:3      | Found a stormy altar of Qazlal.
  2204 | D:3      | Found an opulent altar of Gozag.
  2569 | D:4      | Noticed Duvessa
  2578 | D:4      | Killed Duvessa
  2579 | D:4      | Reached XP level 5. HP: 13/35 MP: 0/9
  2776 | D:4      | Noticed Dowan
  2778 | D:4      | Reached skill level 3 in Spellcasting
  2828 | D:4      | Killed Dowan
  2829 | D:4      | Reached XP level 6. HP: 34/41 MP: 4/11
  2916 | D:4      | Found Lyiluscha's Book Boutique.
  2993 | D:4      | Learned a level 3 spell: Ozocubu's Armour
  3023 | D:4      | Reached skill level 4 in Spellcasting
  3214 | D:4      | Noticed Natasha
  3223 | D:4      | Killed Natasha
  3234 | D:4      | Noticed Natasha
  3243 | D:4      | Killed Natasha
  3275 | D:4      | Noticed Natasha
  3279 | D:4      | Killed Natasha
  3280 | D:4      | Reached skill level 5 in Spellcasting
  3280 | D:4      | Reached XP level 7. HP: 17/46 MP: 2/14
  4230 | D:5      | Entered Level 5 of the Dungeon
  4576 | D:5      | Reached skill level 6 in Spellcasting
  5214 | D:5      | Found an ancient bone altar of Kikubaaqudgha.
  5243 | D:5      | Noticed Ijyb
  5266 | D:5      | Killed Ijyb
  5267 | D:5      | Reached XP level 8. HP: 45/52 MP: 11/18
  5438 | D:5      | Reached skill level 7 in Spellcasting
  5548 | D:6      | Found Waropnam's Antique Armour Shop.
  5647 | D:6      | Noticed Grinder
  5667 | D:6      | Killed Grinder
  5950 | D:6      | Reached skill level 8 in Spellcasting
  6006 | D:6      | Reached skill level 1 in Long Blades
  6117 | D:6      | Reached skill level 1 in Fighting
  6351 | D:6      | Found a staircase to the Ecumenical Temple.
  6375 | Temple   | Entered the Ecumenical Temple
  6403 | Temple   | Became a worshipper of the Shining One
  6677 | D:6      | HP: 2/43 [wight/+2 battleaxe of draining (3)]
  6677 | D:6      | Slain by a wight

Illustrated notes

Levels and vault maps discovered:
D:1:      psy_arrival_basics, layout_basic, hellmonk_ecumenical_altar_run_dry,
          serial_shops, nicolae_shop_behind_doors, serial_park_tiny_2
D:2:      layout_loops_cross, minmay_tromino_mix6
D:3:      layout_basic, gammafunk_temple_overflow_wave
D:4:      layout_loops_cross, serial_shops, shop_fountains, uniq_duvessa,
          uniq_natasha
D:5:      layout_loops_ring, lemuel_zombie_altar_kikubaaqudgha, roderic_batcave,
          patterned_corridor, uniq_ijyb
D:6:      nicolae_cairo_tiling, layout_rooms, minmay_temple_entry_overgrown,
          serial_shops, nicolae_stop_n_shop_2, ebering_dispersal_statue_hall,
          serial_bayou_lake_a, uniq_grinder
Temple:   eino_wide_crystal_templ

Skill      XL: |  1  2  3  4  5  6  7  8 |
---------------+-------------------------+-----
Ice Magic      | 5 6 7 |  7.0
Spellcasting   | 3 5 6 8 |  8.0
Long Blades    | 2 |  2.9
Fighting       | 1 |  1.7
Dodging        | |  2.6
Stealth        | |  2.1

Action                   |  1- 3 |  4- 6 |  7- 9 || total
-------------------------+-------+-------+-------++-------
Melee: Whip              |     2 |       |       ||     2
       Rapier            |       |    29 |   129 ||   158
       Punch             |       |       |     2 ||     2
 Fire: Arbalest          |    35 |    27 |     2 ||    64
 Cast: Freeze            |    36 |     8 |       ||    44
       Frozen Ramparts   |       |    10 |    23 ||    33
       Ozocubu's Armour  |       |     1 |     9 ||    10
Evoke: Wand              |       |       |     4 ||     4
  Use: Scroll            |       |       |    11 ||    11
 Stab: Sleeping          |       |       |     1 ||     1
Armor: Robe              |     4 |    13 |    43 ||    60
Dodge: Dodged            |    24 |    26 |   133 ||   183

Table legend: (Time is in decaauts)
 A = Elapsed time spent in this place.
 B = Non-inter-level travel time spent in this place.
 C = Inter-level travel time spent in this place.
 D = Time resting spent in this place.
 E = Time spent auto-exploring this place.
 F = Levels seen in this place.
 G = Mean time per level.
                   A        B        C        D        E       F      G
               +--------+--------+--------+--------+--------+-----+--------+
         Total |   6765 |   6605 |    160 |   1167 |   4466 |   7 |  966.4 |
       Dungeon |   6713 |   6576 |    137 |   1167 |   4460 |   6 | 1118.8 |
        Temple |     52 |     29 |     23 |      0 |      6 |   1 |   52.0 |
               +--------+--------+--------+--------+--------+-----+--------+

Top non-repeatable levels by time:
     D:4: 1628 daAuts
     D:5: 1150 daAuts
     D:6: 1081 daAuts
     D:3: 1000 daAuts
     D:1: 951 daAuts
     D:2: 901 daAuts
  Temple: 52 daAuts
